cohdb
Replays
Latest Replays
All Replays
Popular Replays
Top Player Replays
Match Explorer
How It Works
Community
CoH3 Stats
Reddit
Sign in to upload your games and track your stats! →
Sign in with Steam
vs REI
Match 9214279
Overview
Messages
Build Orders
End
Construct Barracks
Selects Armored Battlegroup
Selects Veteran Crews
Selects Fast Deploy
1⁄4-ton 4x4 Truck
Riflemen Squad
Riflemen Squad
Riflemen Squad
Infantry Support Center
Construct Motor Pool
M8 Greyhound Armored Car
Engineer Squad
Construct Medical Station
M1918 Browing Automatic Rifles
Grenade Package
Riflemen Squad
Selects Seek and Destroy
M1 Anti-tank Gun Team
Selects M4A3E8 Sherman Combat Group
M4A3E8 Sherman Combat Group
Selects Field Repairs
M4A3E8 Sherman Combat Group
Ra11
Rei
0
0
Comments
sign in to comment!
No comments posted yet!